 Dungeon Sprint DCSS version 0.28-a0-1395-g4f6bc678fa (webtiles) character file.

Game seed: 3512169439867090407

17600000 HallandMoats the Conqueror (level 27, -58/273 HPs)
             Began as a Ghoul Monk on Jan 5, 2022.
             Was the Champion of Makhleb.
             Annihilated by a fleshlord (204 damage)
             ... in the Dungeon (Sprint VIII: "Arena of Blood").
             The game lasted 00:06:24 (176 turns).

HallandMoats the Conqueror (Ghoul Monk)              Turns: 176, Time: 00:06:24

Health: -58/273    AC:  4    Str: 21    XL:     27
Magic:  53/53      EV: 31    Int:  5    God:    Makhleb [******]
Gold:   0          SH:  0    Dex: 19    Spells: 80/80 levels left

rFire   . . .      SeeInvis +   h - +∞ Axe of Woe
rCold   + . .      Faith    .   (shield currently unavailable)
rNeg    + + +      Spirit   .   b - +0 robe
rPois   ∞          Reflect  .   (no helmet)
rElec   .          Harm     .   (no cloak)
rCorr   .          Rampage  .   (no gloves)
Will    ++...      NoTele   +   (no boots)
Stlth   ++++++++++              (no amulet)
HPRegen 0.00/turn               i - ring of see invisible
MPRegen 0.33/turn               (no ring)

@: inhibited regen, slowed, very slow
A: claws 1, cold resistance 1, negative energy resistance 3, inhibited
regeneration, torment resistance 2
a: Renounce Religion, Minor Destruction, Lesser Servant of Makhleb, Major
Destruction, Greater Servant of Makhleb


You were in the Dungeon.
You worshipped Makhleb.
Makhleb was exalted by your worship.
You visited 1 branch

Inventory:

Hand Weapons
 a - a +0 hand axe
 h - the +∞ Axe of Woe (weapon)
   (You found it in the Dungeon)
Armour
 b - a +0 robe (worn)
Jewellery
 i - a ring of see invisible (left claw)
Scrolls
 g - a scroll of blinking
Potions
 c - a potion of curing
 e - a potion of haste
 f - 2 potions of magic


   Skills:
 O Level 27 Fighting
 O Level 27 Short Blades
 O Level 27 Long Blades
 O Level 27 Axes
 O Level 27 Maces & Flails
 O Level 27 Polearms
 O Level 27 Staves
 O Level 27 Slings
 O Level 27 Bows
 O Level 27 Crossbows
 O Level 27 Throwing
 O Level 27 Armour
 O Level 27 Dodging
 O Level 27 Stealth
 O Level 27 Shields
 O Level 27 Unarmed Combat
 O Level 27 Spellcasting
 O Level 27 Conjurations
 O Level 27 Hexes
 O Level 27 Summonings
 O Level 27 Necromancy
 O Level 27 Translocations
 O Level 27 Transmutations
 O Level 27 Fire Magic
 O Level 27 Ice Magic
 O Level 27 Air Magic
 O Level 27 Earth Magic
 O Level 27 Poison Magic
 O Level 27 Invocations
 O Level 27 Evocations


You had 80 spell levels left.
You didn't know any spells.
Your spell library was empty.

Dungeon Overview and Level Annotations

Branches:
Dungeon (1/1)

Altars:
Makhleb


Innate Abilities, Weirdness & Mutations

You thrive by killing the living.
You are immune to poison.
You have sharp fingernails.
Your flesh is cold resistant. (rC+)
You are immune to negative energy. (rN+++)
You do not regenerate when monsters are visible.
You are immune to unholy pain and torment.


Message History

You feel better.
You slice the meat berserker!!
You dissect the meat berserker like a pig carcass.
You kill the meat berserker!
Makhleb accepts your kill.
You feel better.
You hear a shout! x4
The fleshlord casts a spell.
The fleshlord seems to speed up.
The dread throws damnation at you.
The sphere of damnation explodes!
The damnation engulfs you!! The damnation engulfs your cacodemon!!
The destroyer casts a spell at you.
The destroyer blinks!
A dread comes into view.
You hear a shout!
The dread hits your cacodemon!
The dread drains your cacodemon's vigour!
Your cacodemon seems to slow down.
The dread hits your cacodemon.
Your balrug gestures at the dread.
The fireball explodes!
The fireball engulfs the dread!!!
The fireball engulfs the fleshlord.
The fleshlord completely resists.
The fireball engulfs your balrug.
Your balrug completely resists.
The dread throws damnation at you.
The sphere of damnation explodes!
The damnation engulfs you!! The damnation engulfs your cacodemon!!
Your cacodemon dies!
Your cacodemon disappears in a puff of smoke!
You hear a shout!
You hear an angry hiss.
A sculptor of flesh comes into view. It is wielding a +9 great sword.
You hear a shout! x6
An observer comes into view.
A bag of meat comes into view. It is wielding a +9 war axe.
You hear a shout!
The bag of meat hits you with a +9 war axe.
You hear a shout!
The fleshlord hits you with a +9 great mace!!!!!
Ouch! That really hurt!
You die...

.....###....§..###.
z.o.......#.......#
G........)#)......#..
.#.......))).........
#.#.#.p..))).........
#.#.....)G).........
..#.#§#....W.).......#
...#.#....o#W)......#...
.......V@W)oo)))...#...
. #.....)§p#o#)).......
..##.....WoOO))†.......
......####2)))#)....###
#....))))).))W).....#.
####..))..))))))......
####....)...)......
################


You could see a destroyer, 2 observers, 2 fleshlords, a sculptor of flesh, a
large bag of meat (inner flame), 4 dreads, a wretched soul (invisible), a meat
berserker (berserk, misshapen), 6 bags of meat and a friendly balrug (summoned).

Vanquished Creatures
  8 hell knights (D)
  13 hell beasts (D)
  3 royal mummies (D)
  6 great orbs of eyes (D)
  11 wraiths (D)
  8 vampire knights (D)
  41 ogres (D)
  9 two-headed ogres (D)
  4 liches (D)
  10 hydras (D)
  56 orcs (D)
  8 phantoms (D)
  7 skeletal warriors (D)
  4 sea snakes (D)
188 creatures vanquished.

Notes
Turn   | Place    | Note
-------+----------+-------------------------------------------
     0 | D        | Found the +∞ Axe of Woe
     0 | D        | HallandMoats the Ghoul Monk began the quest for the Orb.
     0 | D        | Reached XP level 1. HP: 19/19 MP: 0/0
     0 | D        | Noticed a bag of meat
     2 | D        | Noticed a bag of meat
     4 | D        | Became a worshipper of Makhleb the Destroyer
     4 | D        | Reached * piety under Makhleb
     4 | D        | Reached ** piety under Makhleb
     5 | D        | Killed a bag of meat
     6 | D        | Reached XP level 2. HP: 50/50 MP: 1/1
     6 | D        | Reached XP level 3. HP: 57/57 MP: 2/2
     6 | D        | Reached XP level 4. HP: 64/64 MP: 3/3
     6 | D        | Reached XP level 5. HP: 71/71 MP: 4/4
     6 | D        | Reached XP level 6. HP: 80/80 MP: 5/5
     6 | D        | Reached XP level 7. HP: 86/86 MP: 6/6
     6 | D        | Reached XP level 8. HP: 94/94 MP: 7/7
     6 | D        | Reached XP level 9. HP: 101/101 MP: 8/8
     6 | D        | Reached XP level 10. HP: 108/108 MP: 9/9
     6 | D        | Reached XP level 11. HP: 116/116 MP: 10/10
     7 | D        | Noticed a bag of meat
     7 | D        | Noticed a meat berserker
     7 | D        | Noticed a meat berserker
     7 | D        | Noticed a meat berserker
     7 | D        | Noticed a bag of meat
     8 | D        | Noticed a bag of meat
     8 | D        | Noticed a bag of meat
     9 | D        | Noticed a meat berserker
    10 | D        | Noticed a bag of meat
    10 | D        | Noticed a bag of meat
    10 | D        | Noticed a large bag of meat
    10 | D        | Noticed a bag of meat
    10 | D        | Noticed a meat berserker
    10 | D        | Noticed a bag of meat
    10 | D        | Noticed a bag of meat
    10 | D        | Noticed a bag of meat
    11 | D        | Noticed a bag of meat
    11 | D        | Noticed a bag of meat
    11 | D        | Noticed a bag of meat
    11 | D        | Noticed a bag of meat
    11 | D        | Noticed a bag of meat
    11 | D        | Noticed a bag of meat
    12 | D        | Killed a bag of meat
    12 | D        | Noticed a bag of meat
    12 | D        | Noticed a bag of meat
    13 | D        | Reached XP level 12. HP: 130/130 MP: 11/11
    13 | D        | Noticed a meat berserker
    13 | D        | Killed a meat berserker
    13 | D        | Killed a bag of meat
    13 | D        | Reached *** piety under Makhleb
    13 | D        | Killed a bag of meat
    13 | D        | Killed a meat berserker
    13 | D        | Killed a bag of meat
    13 | D        | Reached **** piety under Makhleb
    13 | D        | Noticed a meat berserker
    14 | D        | Reached XP level 13. HP: 114/156 MP: 12/12
    14 | D        | Reached XP level 14. HP: 121/165 MP: 13/13
    14 | D        | Reached XP level 15. HP: 125/171 MP: 14/14
    14 | D        | Killed a meat berserker
    14 | D        | Noticed a meat berserker
    15 | D        | Reached skill level 27 in Fighting
    15 | D        | Killed a meat berserker
    15 | D        | Reached ***** piety under Makhleb
    15 | D        | Killed a large bag of meat
    15 | D        | Killed a meat berserker
    15 | D        | Killed a meat berserker
    15 | D        | Noticed a large bag of meat
    16 | D        | Reached skill level 27 in Axes
    16 | D        | Reached skill level 27 in Dodging
    16 | D        | Reached skill level 10 in Armour
    16 | D        | Reached skill level 10 in Evocations
    16 | D        | Reached XP level 16. HP: 117/183 MP: 14/28
    16 | D        | Reached XP level 17. HP: 122/191 MP: 14/29
    16 | D        | Noticed a meat berserker
    17 | D        | Killed a meat berserker
    17 | D        | Reached ****** piety under Makhleb
    17 | D        | Noticed a meat berserker
    17 | D        | Noticed a meat berserker
    18 | D        | Reached XP level 18. HP: 200/200 MP: 14/34
    18 | D        | Killed a meat berserker
    19 | D        | Reached skill level 15 in Spellcasting
    20 | D        | Reached XP level 19. HP: 207/207 MP: 14/38
    20 | D        | Killed a meat berserker
    22 | D        | Killed a meat berserker
    23 | D        | Reached skill level 27 in Stealth
    23 | D        | Reached XP level 20. HP: 216/216 MP: 15/43
    23 | D        | Noticed a large bag of meat
    23 | D        | Killed a large bag of meat
    25 | D        | Noticed a large bag of meat
    25 | D        | Noticed a large bag of meat
    26 | D        | Noticed a destroyer
    26 | D        | Killed a large bag of meat
    26 | D        | Killed a meat berserker
    26 | D        | Noticed a large bag of meat
    27 | D        | Reached skill level 27 in Invocations
    27 | D        | Noticed a meat berserker
    29 | D        | Killed a large bag of meat
    29 | D        | Killed a large bag of meat
    30 | D        | Reached skill level 27 in Armour
    30 | D        | Reached skill level 27 in Evocations
    30 | D        | Reached XP level 21. HP: 147/224 MP: 17/50
    32 | D        | Noticed a meat berserker
    34 | D        | Reached skill level 27 in Spellcasting
    34 | D        | Reached skill level 1 in Short Blades
    34 | D        | Reached skill level 1 in Long Blades
    34 | D        | Reached skill level 1 in Staves
    34 | D        | Reached skill level 1 in Crossbows
    34 | D        | Reached skill level 1 in Throwing
    34 | D        | Reached skill level 1 in Conjurations
    34 | D        | Reached skill level 1 in Hexes
    34 | D        | Reached skill level 1 in Fire Magic
    34 | D        | Reached skill level 1 in Air Magic
    34 | D        | Killed a meat berserker
    35 | D        | Killed a large bag of meat
    35 | D        | Noticed a destroyer
    35 | D        | Noticed a meat berserker
    36 | D        | Reached skill level 5 in Unarmed Combat
    36 | D        | Reached skill level 5 in Necromancy
    36 | D        | Reached skill level 5 in Ice Magic
    36 | D        | Reached skill level 5 in Earth Magic
    36 | D        | Reached skill level 5 in Poison Magic
    37 | D        | Noticed a destroyer
    38 | D        | Killed a destroyer
    39 | D        | Reached skill level 5 in Short Blades
    39 | D        | Reached skill level 5 in Long Blades
    39 | D        | Reached skill level 5 in Maces & Flails
    39 | D        | Reached skill level 5 in Polearms
    39 | D        | Reached skill level 5 in Staves
    39 | D        | Reached skill level 5 in Slings
    39 | D        | Reached skill level 5 in Bows
    39 | D        | Reached skill level 5 in Crossbows
    39 | D        | Reached skill level 5 in Throwing
    39 | D        | Reached skill level 5 in Shields
    39 | D        | Reached skill level 5 in Conjurations
    39 | D        | Reached skill level 5 in Hexes
    39 | D        | Reached skill level 5 in Summonings
    39 | D        | Reached skill level 5 in Translocations
    39 | D        | Reached skill level 5 in Transmutations
    39 | D        | Reached skill level 5 in Fire Magic
    39 | D        | Reached skill level 5 in Air Magic
    39 | D        | Reached XP level 22. HP: 224/233 MP: 19/52
    39 | D        | Killed a destroyer
    40 | D        | Noticed a destroyer
    45 | D        | Reached skill level 10 in Unarmed Combat
    45 | D        | Reached skill level 10 in Ice Magic
    45 | D        | Reached skill level 10 in Earth Magic
    46 | D        | Killed a destroyer
    47 | D        | Reached skill level 10 in Maces & Flails
    47 | D        | Reached skill level 10 in Staves
    47 | D        | Reached skill level 10 in Bows
    47 | D        | Reached skill level 10 in Shields
    47 | D        | Reached skill level 10 in Transmutations
    47 | D        | Reached skill level 10 in Poison Magic
    47 | D        | Reached XP level 23. HP: 240/240 MP: 21/53
    47 | D        | Killed a destroyer
    48 | D        | Reached skill level 10 in Short Blades
    48 | D        | Reached skill level 10 in Long Blades
    48 | D        | Reached skill level 10 in Polearms
    48 | D        | Reached skill level 10 in Slings
    48 | D        | Reached skill level 10 in Crossbows
    48 | D        | Reached skill level 10 in Throwing
    48 | D        | Reached skill level 10 in Summonings
    48 | D        | Reached skill level 10 in Translocations
    48 | D        | Noticed a large bag of meat
    50 | D        | Noticed a destroyer
    52 | D        | Killed a destroyer
    53 | D        | Reached skill level 10 in Conjurations
    53 | D        | Reached skill level 10 in Hexes
    53 | D        | Reached skill level 10 in Fire Magic
    53 | D        | Reached skill level 10 in Air Magic
    55 | D        | Killed a large bag of meat
    56 | D        | Reached XP level 24. HP: 210/249 MP: 23/53
    57 | D        | Noticed an accursed
    63 | D        | Reached skill level 15 in Unarmed Combat
    63 | D        | Reached skill level 15 in Ice Magic
    63 | D        | Reached skill level 15 in Earth Magic
    66 | D        | Noticed a meat beast
    67 | D        | Noticed a meat beast
    68 | D        | Killed a meat beast
    68 | D        | Noticed a meat beast
    69 | D        | Reached skill level 15 in Maces & Flails
    69 | D        | Reached skill level 15 in Summonings
    69 | D        | Reached XP level 25. HP: 257/257 MP: 27/53
    70 | D        | Reached skill level 15 in Short Blades
    70 | D        | Reached skill level 15 in Long Blades
    70 | D        | Reached skill level 15 in Polearms
    70 | D        | Reached skill level 15 in Staves
    70 | D        | Reached skill level 15 in Slings
    70 | D        | Reached skill level 15 in Bows
    70 | D        | Reached skill level 15 in Crossbows
    70 | D        | Reached skill level 15 in Throwing
    70 | D        | Reached skill level 15 in Shields
    70 | D        | Reached skill level 15 in Translocations
    70 | D        | Reached skill level 15 in Transmutations
    73 | D        | Killed a meat beast
    74 | D        | Reached skill level 15 in Conjurations
    74 | D        | Reached skill level 15 in Hexes
    74 | D        | Reached skill level 15 in Fire Magic
    74 | D        | Reached skill level 15 in Air Magic
    74 | D        | Reached XP level 26. HP: 258/266 MP: 29/53
    75 | D        | Killed a meat beast
    78 | D        | Reached XP level 27. HP: 273/273 MP: 30/53
    82 | D        | Killed an accursed
    91 | D        | Noticed a large bag of meat
    95 | D        | Noticed a destroyer
    96 | D        | Noticed a dread
    99 | D        | Killed a large bag of meat
   100 | D        | HP: 6/273 [wretched soul/dispel undead (26)]
   101 | D        | Noticed a meat beast
   103 | D        | Killed a destroyer
   103 | D        | Noticed a tyrant
   104 | D        | Killed a meat beast
   108 | D        | Noticed a large bag of meat
   108 | D        | Noticed a tyrant
   112 | D        | Killed a dread
   112 | D        | Noticed a dread
   115 | D        | Killed a tyrant
   115 | D        | Killed a large bag of meat
   115 | D        | Killed a tyrant
   117 | D        | Reached skill level 27 in Unarmed Combat
   117 | D        | Reached skill level 27 in Ice Magic
   117 | D        | Reached skill level 27 in Earth Magic
   117 | D        | Noticed a dread
   117 | D        | Noticed a dread
   119 | D        | Noticed a fleshlord
   120 | D        | Noticed a tyrant
   120 | D        | Noticed a tyrant
   120 | D        | Noticed a meat beast
   121 | D        | Killed a dread
   121 | D        | Killed a dread
   122 | D        | Noticed a fleshlord
   122 | D        | Noticed a fleshlord
   122 | D        | Killed a dread
   123 | D        | Reached skill level 27 in Necromancy
   123 | D        | Killed a fleshlord
   123 | D        | Noticed a fleshlord
   124 | D        | Reached skill level 27 in Staves
   124 | D        | Reached skill level 27 in Translocations
   124 | D        | Reached skill level 27 in Poison Magic
   124 | D        | Killed a meat beast
   125 | D        | Reached skill level 27 in Short Blades
   125 | D        | Reached skill level 27 in Long Blades
   125 | D        | Reached skill level 27 in Maces & Flails
   125 | D        | Reached skill level 27 in Polearms
   125 | D        | Reached skill level 27 in Slings
   125 | D        | Reached skill level 27 in Bows
   125 | D        | Reached skill level 27 in Crossbows
   125 | D        | Reached skill level 27 in Throwing
   125 | D        | Reached skill level 27 in Shields
   125 | D        | Reached skill level 27 in Conjurations
   125 | D        | Reached skill level 27 in Hexes
   125 | D        | Reached skill level 27 in Summonings
   125 | D        | Reached skill level 27 in Transmutations
   125 | D        | Reached skill level 27 in Fire Magic
   125 | D        | Reached skill level 27 in Air Magic
   125 | D        | Noticed an accursed
   125 | D        | Noticed a fleshlord
   127 | D        | Killed a fleshlord
   128 | D        | Killed a tyrant
   128 | D        | Noticed a meat beast
   129 | D        | Killed a fleshlord
   129 | D        | Noticed a fleshlord
   130 | D        | Killed a tyrant
   131 | D        | Killed a fleshlord
   131 | D        | Killed a fleshlord
   131 | D        | Killed a fleshlord
   132 | D        | Killed a meat beast
   132 | D        | Noticed a meat beast
   133 | D        | Noticed a destroyer
   133 | D        | Noticed a dread
   133 | D        | Noticed a destroyer
   135 | D        | Killed a meat beast
   135 | D        | Killed a destroyer
   139 | D        | Killed a dread
   139 | D        | Killed an accursed
   139 | D        | Killed a destroyer
   139 | D        | Noticed a dread
   140 | D        | Noticed a dread
   140 | D        | Noticed a meat beast
   141 | D        | Noticed an accursed
   143 | D        | Killed a meat beast
   144 | D        | Noticed a meat beast
   146 | D        | Killed a dread
   148 | D        | Killed a dread
   148 | D        | Noticed a dread
   149 | D        | Killed a meat beast
   149 | D        | Noticed a meat beast
   150 | D        | Noticed a dread
   150 | D        | Noticed a meat beast
   150 | D        | Noticed a meat beast
   154 | D        | Killed a meat beast
   154 | D        | Killed a meat beast
   155 | D        | Noticed a dread
   155 | D        | Killed a meat beast
   156 | D        | Noticed a fleshlord
   157 | D        | Noticed a meat beast
   157 | D        | Killed a dread
   159 | D        | Killed a meat beast
   159 | D        | Killed a fleshlord
   159 | D        | Killed an accursed
   160 | D        | Killed a dread
   162 | D        | Killed a dread
   165 | D        | Noticed a dread
   167 | D        | Noticed a fleshlord
   169 | D        | Noticed a dread
   169 | D        | Noticed a large bag of meat
   170 | D        | Noticed a dread
   171 | D        | Noticed a fleshlord
   171 | D        | Killed a dread
   172 | D        | Noticed a destroyer
   172 | D        | Noticed a fleshlord
   173 | D        | Noticed a dread
   175 | D        | Killed a fleshlord
   175 | D        | Noticed a dread
   176 | D        | Annihilated by a fleshlord

Illustrated notes

Levels and vault maps discovered:
D:        meatsprint

Skill      XL: |  1  2  3  4  5  6  7  8  9 10 11 12 13 14 15 16 17 18 19 20 21 22 23 24 25 26 27 |
---------------+----------------------------------------------------------------------------------+-----
Fighting       | 16 19 26 27 | 27.0
Axes           | 14 16 22 27 | 27.0
Dodging        | 14 16 22 27 | 27.0
Armour         | 10 14 17 21 27 | 27.0
Stealth        | 13 18 22 27 | 27.0
Spellcasting   | 9 13 16 20 26 27 | 27.0
Invocations    | 12 17 20 25 27 | 27.0
Evocations     | 10 14 17 21 27 | 27.0
Short Blades   | 5 9 11 14 16 17 27 | 27.0
Long Blades    | 5 9 11 14 16 17 27 | 27.0
Maces & Flails | 5 10 11 15 16 17 27 | 27.0
Polearms       | 5 9 11 14 16 17 27 | 27.0
Staves         | 5 10 11 14 16 17 27 | 27.0
Slings         | 5 9 11 14 16 17 27 | 27.0
Bows           | 5 10 11 14 16 17 27 | 27.0
Crossbows      | 5 9 11 14 16 17 27 | 27.0
Throwing       | 5 9 11 14 16 17 27 | 27.0
Shields        | 5 10 11 14 16 17 27 | 27.0
Unarmed Combat | 6 11 13 17 19 20 27 | 27.0
Conjurations   | 5 9 10 13 15 16 27 | 27.0
Hexes          | 5 9 10 13 15 16 27 | 27.0
Summonings     | 5 9 11 15 16 17 27 | 27.0
Necromancy     | 6 11 12 16 17 19 27 | 27.0
Translocations | 5 9 11 14 16 17 27 | 27.0
Transmutations | 5 10 11 14 16 17 27 | 27.0
Fire Magic     | 5 9 10 13 15 16 27 | 27.0
Ice Magic      | 6 11 13 17 19 20 27 | 27.0
Air Magic      | 5 9 10 13 15 16 27 | 27.0
Earth Magic    | 6 11 13 17 19 20 27 | 27.0
Poison Magic   | 6 10 12 16 17 19 27 | 27.0

Action                   |  1- 3 |  4- 6 |  7- 9 | 10-12 | 13-15 | 16-18 | 19-21 | 22-24 | 25-27 || total
-------------------------+-------+-------+-------+-------+-------+-------+-------+-------+-------++-------
Melee: Executioner's axe |     1 |       |       |     2 |     2 |     3 |    10 |    16 |    64 ||    98
Invok: Greater Servant o |       |       |       |       |       |       |       |       |    10 ||    10
  Use: Potion            |       |       |       |       |       |       |       |       |     1 ||     1
Armor: Robe              |       |       |       |       |       |       |       |       |     6 ||     6
Dodge: Dodged            |       |       |       |     1 |       |       |     6 |       |    43 ||    50

Table legend: (Time is in decaauts)
 A = Elapsed time spent in this place.
 B = Non-inter-level travel time spent in this place.
 C = Inter-level travel time spent in this place.
 D = Time resting spent in this place.
 E = Time spent auto-exploring this place.
 F = Levels seen in this place.
 G = Mean time per level.
                   A        B        C        D        E       F      G
               +--------+--------+--------+--------+--------+-----+--------+
         Total |    169 |    169 |      0 |      0 |      0 |   1 |  169.0 |
       Dungeon |    169 |    169 |      0 |      0 |      0 |   1 |  169.0 |
               +--------+--------+--------+--------+--------+-----+--------+

Top non-repeatable levels by time:
       D: 169 daAuts
